 Dungeon Crawl Stone Soup version 0.22-a0-348-gd16d139 (webtiles) character file.

798 budo the Covered (level 7, -2/53 HPs)
             Began as a Gnoll Wanderer on Apr 8, 2018.
             Slain by a phantom (8 damage)
             ... on level 6 of the Dungeon.
             The game lasted 00:08:27 (4150 turns).

budo the Covered (Gnoll Wanderer)                   Turns: 4150, Time: 00:08:28

Health: -2/53      AC:  9    Str: 17    XL:     7   Next: 90%
Magic:  12/13      EV: 10    Int: 17    God:
Gold:   216        SH:  0    Dex: 11    Spells: 14/14 levels left

rFire    . . .     SeeInvis .   c - +1 mace
rCold    . . .     Gourm    .   (no shield)
rNeg     . . .     Faith    .   a - +2 scale mail
rPois    .         Spirit   .   (no helmet)
rElec    .         Reflect  .   (no cloak)
rCorr    +         Harm     .   (no gloves)
MR       .....                  (no boots)
Stlth    +.........             (no amulet)
HPRegen  0.17/turn              q - ring of resist corrosion
MPRegen  0.13/turn              (no ring)

@: no status effects
A: distributed training, fangs 1, strong nose
a: no special abilities


You were on level 6 of the Dungeon.
You were not hungry.

You visited 1 branch of the dungeon, and saw 6 of its levels.

You collected 216 gold pieces.

Inventory:

Hand Weapons
 c - a +1 mace (weapon)
Armour
 a - a +2 scale mail (worn)
 b - the +6 scale mail of Buufex {rPois rN+, unknown}
   (You found it on level 4 of the Dungeon)

   It protects you from poison.
   It protects you from negative energy.
Jewellery
 q - a ring of resist corrosion (left hand)
Wands
 k - a wand of digging (11)
 n - a wand of iceblast (5)
Scrolls
 g - 2 scrolls of blinking
 h - 2 scrolls of fear
 i - a scroll of magic mapping
 j - a scroll of identify {unknown}
 m - a scroll of remove curse
 r - 3 scrolls of amnesia
Potions
 e - a potion of heal wounds
 f - a potion of curing
 l - a potion of degeneration {unknown}
 o - a potion of cancellation {unknown}
 p - a potion of brilliance {unknown}
 s - a potion of ambrosia {unknown}
Comestibles
 d - 4 rations


   Skills:
 + Level 3.8 Fighting
 + Level 2.7 Short Blades
 + Level 2.7 Long Blades
 + Level 2.7 Axes
 + Level 3.8 Maces & Flails
 + Level 2.7 Polearms
 + Level 2.7 Staves
 + Level 2.7 Slings
 + Level 2.7 Bows
 + Level 2.7 Crossbows
 + Level 2.7 Throwing
 + Level 7.1 Armour
 + Level 2.7 Dodging
 + Level 3.6 Stealth
 + Level 2.7 Shields
 + Level 2.7 Unarmed Combat
 + Level 4.0 Spellcasting
 + Level 2.2 Conjurations
 + Level 2.2 Hexes
 + Level 2.2 Charms
 + Level 3.1 Summonings
 + Level 2.2 Necromancy
 + Level 3.1 Translocations
 + Level 2.2 Transmutations
 + Level 2.2 Fire Magic
 + Level 2.2 Ice Magic
 + Level 2.2 Air Magic
 + Level 2.2 Earth Magic
 + Level 2.2 Poison Magic
 + Level 3.0 Invocations
 + Level 3.8 Evocations


You had 14 spell levels left.
You didn't know any spells.

Dungeon Overview and Level Annotations

Branches:
Dungeon (6/15)
 Temple: D:4-7

Altars:
Ashenzari
Dithmenos
Kikubaaqudgha
Yredelemnul

Annotations:
D:2 2 transporters, Menkaure
D:4 Natasha


Innate Abilities, Weirdness & Mutations

Your experience applies equally to all skills.
You have very sharp teeth.
Your uncanny sense of smell can sniff out nearby items.


Message History

You barely miss the hound.
The hound is heavily wounded.
The hound bites you.
* * * LOW HITPOINT WARNING * * *
The hound barely misses you.
You hit the hound.
The hound is almost dead.
The hound barely misses you. The hound bites you but does no damage.
You closely miss the hound.
The hound is almost dead.
The hound bites you but does no damage. The hound bites you.
* * * LOW HITPOINT WARNING * * *
You hit the hound.
You kill the hound!
Your Spellcasting skill increases to level 4!
The phantom hits you but does no damage.
You hit the phantom.
The phantom is severely damaged.
The phantom hits you!
You die...

#..............
............#####
.........?......# #
............##.##
..# .####......#
.... #......#
###..####......#
....>...W.......$.
####...@#.........#
####+#.####.....
..# .##.. .... .#
.# .... ....# ..#


You could see a phantom.

Vanquished Creatures
  The ghost of tilp the Chiller, an amateur MfIE (D:3)
  A hornet zombie (D:5)
  An ice beast (D:5)
  A centaur (D:5)
  A scorpion (D:2)
  2 hounds
  An orc priest (D:5)
  3 iguanas
  3 worker ants
  4 adders
  3 shadow imps (D:5)
  2 dart slugs
  A leopard gecko (D:5)
  5 orcs (D:5)
  A ball python (D:1)
  8 bats
  3 giant cockroaches
  12 goblins
  8 hobgoblins
  7 jackals
  4 kobolds
  A quokka (D:2)
  4 frilled lizards
  A giant cockroach zombie (D:5)
  3 rats
81 creatures vanquished.

Notes
Turn   | Place    | Note
-------+----------+-------------------------------------------
     0 | D:1      | budo the Gnoll Wanderer began the quest for the Orb.
     0 | D:1      | budo set off with: a +2 scale mail, a +0 mace, a ration
     0 | D:1      | Reached XP level 1. HP: 17/17 MP: 4/4
   155 | D:1      | Reached XP level 2. HP: 23/23 MP: 5/5
   286 | D:1      | Found a shattered altar of Ashenzari.
   585 | D:2      | Found a transporter.
   593 | D:2      | Found a basalt altar of Yredelemnul.
   595 | D:2      | Noticed Menkaure
   597 | D:2      | Found an ancient bone altar of Kikubaaqudgha.
   616 | D:2      | Found a transporter.
   675 | D:2      | Reached XP level 3. HP: 24/28 MP: 7/7
   760 | D:2      | Reached skill level 1 in Invocations
  1056 | D:2      | Noticed a scorpion
  1067 | D:2      | Killed a scorpion
  1067 | D:2      | Reached skill level 1 in Short Blades
  1067 | D:2      | Reached skill level 1 in Long Blades
  1067 | D:2      | Reached skill level 1 in Axes
  1067 | D:2      | Reached skill level 1 in Polearms
  1067 | D:2      | Reached skill level 1 in Staves
  1067 | D:2      | Reached skill level 1 in Slings
  1067 | D:2      | Reached skill level 1 in Bows
  1067 | D:2      | Reached skill level 1 in Crossbows
  1067 | D:2      | Reached skill level 1 in Throwing
  1067 | D:2      | Reached skill level 1 in Dodging
  1067 | D:2      | Reached skill level 1 in Shields
  1067 | D:2      | Reached skill level 1 in Unarmed Combat
  1067 | D:2      | Reached XP level 4. HP: 11/34 MP: 8/8
  1245 | D:3      | Reached skill level 1 in Conjurations
  1245 | D:3      | Reached skill level 1 in Hexes
  1245 | D:3      | Reached skill level 1 in Charms
  1245 | D:3      | Reached skill level 1 in Necromancy
  1245 | D:3      | Reached skill level 1 in Transmutations
  1245 | D:3      | Reached skill level 1 in Fire Magic
  1245 | D:3      | Reached skill level 1 in Ice Magic
  1245 | D:3      | Reached skill level 1 in Air Magic
  1245 | D:3      | Reached skill level 1 in Earth Magic
  1245 | D:3      | Reached skill level 1 in Poison Magic
  1448 | D:3      | Reached XP level 5. HP: 15/40 MP: 9/9
  1811 | D:3      | Noticed tilp's ghost (amateur MfIE)
  1965 | D:4      | Noticed Natasha
  2311 | D:3      | Killed tilp's ghost
  2311 | D:3      | Reached XP level 6. HP: 14/47 MP: 9/11
  2573 | D:4      | Got a crude scale mail
  2645 | D:5      | Entered Level 5 of the Dungeon
  2744 | D:5      | Reached XP level 7. HP: 30/52 MP: 12/12
  2813 | D:5      | Found a shadowy altar of Dithmenos.
  2838 | D:5      | Reached skill level 7 in Armour
  4150 | D:6      | Slain by a phantom

Vault maps used:
D:1:      eino_arrival_cavern_c, serial_bayou_pond_c, ashenzari_altar_1
D:2:      gammafunk_temple_of_torment, first_ration, minmay_misc_feat_enclosed,
          palyth_stone_intersect
D:4:      temple_hall, uniq_natasha
D:5:      kennysheep_little_box
D:6:      old_standard_altar

Skill      XL: |  1  2  3  4  5  6  7 |
---------------+----------------------+-----
Summonings     | 2 3 |  3.1
Translocations | 2 3 |  3.1
Invocations    | 1 2 3 |  3.0
Short Blades   | 1 2 |  2.7
Long Blades    | 1 2 |  2.7
Axes           | 1 2 |  2.7
Polearms       | 1 2 |  2.7
Staves         | 1 2 |  2.7
Slings         | 1 2 |  2.7
Bows           | 1 2 |  2.7
Crossbows      | 1 2 |  2.7
Throwing       | 1 2 |  2.7
Dodging        | 1 2 |  2.7
Shields        | 1 2 |  2.7
Unarmed Combat | 1 2 |  2.7
Spellcasting   | 3 4 |  4.0
Conjurations   | 1 2 |  2.2
Hexes          | 1 2 |  2.2
Charms         | 1 2 |  2.2
Necromancy     | 1 2 |  2.2
Transmutations | 1 2 |  2.2
Fire Magic     | 1 2 |  2.2
Ice Magic      | 1 2 |  2.2
Air Magic      | 1 2 |  2.2
Earth Magic    | 1 2 |  2.2
Poison Magic   | 1 2 |  2.2
Fighting       | 3 |  3.8
Maces & Flails | 3 |  3.8
Evocations     | 3 |  3.8
Stealth        | 3 |  3.6
Armour         | 7 |  7.1

Action                   |  1- 3 |  4- 6 |  7- 9 || total
-------------------------+-------+-------+-------++-------
Melee: Mace              |   112 |   178 |   126 ||   416
       Bite              |     6 |    17 |    13 ||    36
       Punch             |     1 |     2 |     2 ||     5
  Use: Potion            |       |     5 |     1 ||     6
       Scroll            |       |     8 |     2 ||    10
 Stab: Distracted        |       |     1 |       ||     1
  Eat: Chunk             |       |     5 |     3 ||     8
       Ration            |       |       |     1 ||     1
Armor: Scale mail        |    61 |   115 |    67 ||   243
Dodge: Dodged            |    77 |   108 |    70 ||   255

Table legend:
 A = Spawn XP
 B = Non-spawn XP
 C = Spawn XP percentage of total XP
 D = Spawn monster count
 E = Non-spawn monster count
 F = Spawn count percentage of total count
 G = Total turns spent on level
                    A         B        C        D         E        F      G
               +---------+---------+-------+---------+---------+-------+---------
         Total |       0 |    1141 |   0.0 |       0 |      81 |   0.0 |  4150
               +---------+---------+-------+---------+---------+-------+---------
           D:1 |       0 |      31 |   0.0 |       0 |      16 |   0.0 |   575
           D:2 |       0 |     101 |   0.0 |       0 |      16 |   0.0 |   671
           D:3 |       0 |     311 |   0.0 |       0 |      25 |   0.0 |  1291
           D:4 |       0 |      32 |   0.0 |       0 |       1 |   0.0 |   108
           D:5 |       0 |     623 |   0.0 |       0 |      22 |   0.0 |  1444
           D:6 |       0 |      43 |   0.0 |       0 |       1 |   0.0 |    61
               +---------+---------+-------+---------+---------+-------+---------
